Map: Ancient Cistern LE

Players

A.I. 1 (Very Easy) - Winner!

  • Race: Protoss Protoss
  • Spawn Location: 1:00

flashandfoul

  • Race: Protoss Protoss
  • Spawn Location: 7:00

VOD

Have the link to the VOD?

Description

Time

  • Played on: Jan. 23, 2023, 11:02 p.m.
  • Length: 8:10
Show
View Real Time Build Order
Export as new Build Order

A.I. 1 (Very Easy) Protoss - Winner!

Build Orders:  

Get SALT Encoding   

  6  0:00  Probe  
  13  0:13  Probe  
  14  0:20  Pylon  
  14  0:37  Assimilator  
  14  0:43  Gateway  
  14  0:47  Pylon  
  14  1:15  Assimilator  
  14  1:24  Probe  
  14  1:30  Zealot  
  14  1:32  Probe  
  17  1:35  Cybernetics Core  
  18  1:40  Probe  
  19  1:51  Probe  
  20  2:00  Probe  
  21  2:08  Probe  
  21  2:11  Warp Gate  
  22  2:42  Stalker  
  24  7:13  Probe  
  24  7:18  Adept  
  24  7:20  Pylon  
  24  7:22  Probe, Robotics Facility  
  27  7:23  Nexus  
  28  7:30  Probe  
  29  7:38  Probe  
  30  7:46  Probe  
  30  7:50  Pylon  
Show
View Real Time Build Order
Export as new Build Order

flashandfoul Protoss 

Build Orders: Zealot Archon 

Get SALT Encoding   

  6  0:00  Probe  
  13  0:12  Probe  
  14  0:16  Pylon  
  14  0:24  Probe  
  15  0:36  Gateway, Probe (Chrono Boost)  
  16  0:46  Assimilator  
  16  0:47  Probe (Chrono Boost)  
  17  0:51  Probe (Chrono Boost)  
  17  0:55  Assimilator  
  18  1:03  Probe  
  19  1:07  Gateway  
  19  1:15  Probe  
  20  1:23  Cybernetics Core  
  20  1:27  Probe (Chrono Boost)  
  20  1:32  Pylon  
  21  1:39  Probe (Chrono Boost)  
  22  1:44  Probe (Chrono Boost)  
  23  1:53  Probe  
  24  1:59  Stalker x2  
  24  2:01  Warp Gate (Chrono Boost)  
  28  2:10  Pylon  
  28  2:29  Sentry  
  30  2:33  Nexus  
  30  2:42  Robotics Facility  
  30  2:45  Probe (Chrono Boost)  
  31  2:55  Probe (Chrono Boost)  
  31  2:56  Sentry  
  34  3:00  Probe (Chrono Boost)  
  34  3:03  Pylon  
  35  3:12  Probe  
  36  3:16  Shield Battery  
  36  3:24  Probe  
  37  3:30  Immortal  
  41  3:36  Probe  
  42  3:45  Stalker  
  42  3:47  Stalker  
  46  3:52  Probe (Chrono Boost)  
  46  3:54  Probe (Chrono Boost)  
  48  4:02  Probe (Chrono Boost)  
  50  4:04  Forge, Probe (Chrono Boost)  
  50  4:07  Probe (Chrono Boost)  
  50  4:09  Observer  
  52  4:12  Twilight Council  
  52  4:14  Probe  
  53  4:19  Probe  
  54  4:26  Probe  
  54  4:30  Immortal  
  54  4:31  Probe  
  60  4:33  Pylon  
  60  4:38  Probe  
  61  4:43  Protoss Ground Weapons Level 1 (Chrono Boost), Probe  
  62  4:47  Assimilator  
  62  4:49  Assimilator  
  62  4:51  Probe  
  63  4:55  Probe  
  63  4:56  Gateway  
  63  4:59  Gateway  
  64  5:03  Probe  
  64  5:04  Charge  
  65  5:07  Probe  
  66  5:15  Probe  
  66  5:19  Probe  
  68  5:21  Pylon  
  68  5:25  Nexus  
  68  5:28  Probe  
  69  5:31  Probe  
  70  5:40  Probe  
  70  5:41  Templar Archives  
  71  5:43  Probe  
  71  5:46  Pylon  
  71  5:49  Zealot x2  
  76  5:52  Probe  
  76  5:55  Probe  
  78  6:02  Pylon  
  78  6:04  Probe  
  78  6:08  Pylon, Probe  
  80  6:15  Gateway  
  80  6:17  Gateway  
  80  6:21  Gateway, Probe x2  
  80  6:23  Gateway  
  80  6:24  High Templar x2  
  86  6:27  Assimilator  
  86  6:32  Assimilator  
  86  6:33  Probe x2  
  86  6:39  Probe  
  89  6:45  Probe x2  
  91  6:47  Shield Battery  
  91  6:50  High Templar  
  91  6:51  Probe  
  94  6:54  High Templar  
  94  6:56  Archon  
  94  6:57  Zealot  
  94  7:00  Immortal  
  102  7:03  Zealot  
  102  7:05  Probe (Chrono Boost)  
  102  7:07  Probe x2 (Chrono Boost)  
  107  7:17  Probe (Chrono Boost)  
  107  7:18  Pylon  
  107  7:19  Pylon  
  107  7:22  Pylon, Probe x2 (Chrono Boost)  
  110  7:24  Pylon, Zealot x2, Probe (Chrono Boost)  
  110  7:25  Zealot  
  110  7:26  Archon  
  117  7:36  Probe x2  
  119  7:40  High Templar x4  
  127  7:45  Archon  
  127  7:46  Archon, Nexus  
  131  7:51  Pylon  
  131  7:52  Probe x2  
  133  8:01  Zealot x4  
Tags
 
Composition
Zealot Archon
Matchup
PvP
Spawn Locations
Cross Positions
Add a new tag
Caveats
  • Supply blocks, unpowered buildings, or Contaminate may cause inaccurate times.
  • Supply counts are checked every 10 seconds.